 Dungeon Crawl Stone Soup version 0.18.1-50-g88ac8fd (webtiles) character file.

1459 Kwzr the Chucker (level 8, 0/108 HPs)
             Began as an Ogre Hunter on Oct 24, 2016.
             Succumbed to cba's ghost's poison
             ... on level 5 of the Dungeon.
             The game lasted 00:34:31 (4992 turns).

Kwzr the Chucker (Ogre Hunter)                      Turns: 4992, Time: 00:34:32

Health: 0/108      AC: 24    Str: 20    XL:     8   Next: 76%
Magic:  8/8        EV:  1    Int: 10    God:
Gold:   261        SH:  0    Dex: 10    Spells: 0 memorised, 7 levels left

rFire  . . .     SeeInvis .     a - +0 giant spiked club
rCold  . . .     Gourm    .     (armour currently unavailable)
rNeg   + + +     Faith    +     (shield currently unavailable)
rPois  +         Spirit   .     (helmet currently unavailable)
rElec  .         Dismiss  .     (cloak currently unavailable)
rCorr  .         Reflect  .     (gloves unavailable)
SustAt .         Harm     .     (boots unavailable)
MR     .....     NoTele   +     t - amulet of faith
Stlth  ++........               (no ring)
                                A - ring of poison resistance

@: lethally poisoned (0 -> -9), tree-form, not resistant to hostile
enchantments, unstealthy
A: unfitting armour, (slimy green scales 0), blurry vision 1, frail 1, (tough
skin 0), subdued magic 1
a: no special abilities


You were on level 5 of the Dungeon.
You were not hungry.
You were a tree.
You visited 1 branch of the dungeon, and saw 5 of its levels.

You collected 261 gold pieces.

Inventory:

Hand Weapons
 a - a +0 giant spiked club (weapon)
 j - a +0 club
 l - a +0 short sword
 p - a +0 morningstar
Missiles
 g - 119 stones
 i - a throwing net
 q - 8 javelins of returning
 y - 4 steel javelins (quivered)
Armour
 b - a +0 robe (melded)
Jewellery
 t - an amulet of faith (around neck)
 A - a ring of poison resistance (left branch)
Scrolls
 e - 2 scrolls of recharging {unknown}
 h - a scroll of fog {unknown}
 k - a scroll of random uselessness {unknown}
 m - 5 scrolls of identify {unknown}
 o - 2 scrolls of remove curse {unknown}
 x - a scroll of enchant weapon {unknown}
 B - a scroll of noise {unknown}
Books
 r - a book of Misfortune

   Spells                             Type                      Level
   a - Confusing Touch                Hexes                        2
   b - Confuse                        Hexes                        3
   c - Gell's Gravitas                Hexes/Translocation          3
   d - Petrify                        Transmutation/Earth          4
   e - Metabolic Englaciation         Hexes/Ice                    5
   f - Yara's Violent Unravelling     Hexes/Transmutation          5
Comestibles
 f - 7 bread rations
 v - a beef jerky
 w - 3 fruits
 z - 2 meat rations


   Skills:
 + Level 5.4 Fighting
 + Level 6.3 Maces & Flails
 + Level 7.0 Throwing
 * Level 5.9 Dodging
 - Level 0.8 Stealth


You had 7 spell levels left.
You didn't know any spells.

Dungeon Overview and Level Annotations

Branches:
Dungeon (5/15)
 Temple: D:4-7

Altars:
Cheibriados
Kikubaaqudgha
Xom
The Shining One


Innate Abilities, Weirdness & Mutations

You are too large for most types of armour.
((You have tough skin (AC +1).))
((You are partially covered in slimy green scales (AC +2).))
Scrolls take you a little longer to read.
You are frail (-10% HP).
Your spells are a little easier to cast, but a little less powerful.


Message History

You continue eating.
* * * LOW HITPOINT WARNING * * *
You feel sick.
You continue eating.
* * * LOW HITPOINT WARNING * * *
You feel sick.
You finish eating.
That royal jelly was delicious!
You aren't carrying any potions.
Unknown command.
Read which item? (? for menu, Esc to quit)
* * * LOW HITPOINT WARNING * * *
You feel sick.
You begin reading the scroll.
You continue reading the scroll.
* * * LOW HITPOINT WARNING * * *
You feel sick.
As you read the scroll labeled VUERARI VORU, it crumbles to dust.
You assume a fearsome visage.
Nothing appears to happen.
It was a scroll of fear.
Read which item? (? for menu, Esc to quit)
You die...

######........####
#..............._#
#.####........#### #.#
#≈≈≈≈≈≈≈≈# ##.# ########## #
######..## ####.#
.........######## #....#
)...............####.######
................♣.(((..((...
..........[.....####.#..####
................# #+#..#
................# .#
................# .#
#####........#### #
#>.......'..+ #........#.##
##########..#


There were no monsters in sight!

Vanquished Creatures
  The ghost of baghtru the Cleaver, a novice HOFi (D:4)
  The ghost of cba the Sneak, a novice OpAs (D:5)
  Grinder (D:4)
  An ice beast (D:5)
  A phantom (D:4)
  An ogre (D:4)
  A giant frog (D:4)
  2 hounds (D:4)
  3 orc wizards (D:4)
  Terence (D:2)
  2 worker ants (D:4)
  8 adders
  An adder skeleton (D:4)
  A worm (D:3)
  3 dart slugs
  4 giant geckos
  2 orcs (D:4)
  A ball python (D:4)
  2 bat zombies (D:5)
  3 giant cockroaches
  10 hobgoblins
  14 jackals
  4 kobolds
  A quokka (D:3)
  9 bats
  A giant cockroach zombie (D:5)
  A giant gecko skeleton (D:4)
  2 giant newts
  4 goblins
  2 rats (D:2)
  A rat zombie (D:5)
89 creatures vanquished.

Notes
Turn   | Place    | Note
--------------------------------------------------------------
     0 | D:1      | Kwzr the Ogre Hunter began the quest for the Orb.
     0 | D:1      | Reached XP level 1. HP: 22/22 MP: 1/1
    51 | D:1      | Reached XP level 2. HP: 8/29 MP: 2/2
   582 | D:1      | Reached XP level 3. HP: 16/36 MP: 3/3
  1437 | D:2      | Gained mutation: You are agile. (Dex +2) [potion of mutation]
  1437 | D:2      | Gained mutation: Your spells are a little easier to cast, but a little less powerful. [potion of mutation]
  1437 | D:2      | Gained mutation: You are frail (-10% HP). [potion of mutation]
  1446 | D:2      | Reached skill level 1 in Maces & Flails
  1628 | D:2      | Reached skill level 5 in Throwing
  1628 | D:2      | Reached XP level 4. HP: 30/39 MP: 4/4
  1849 | D:2      | Found a faded altar to an unknown god.
  1974 | D:2      | Found a shimmering altar of Xom.
  1974 | D:2      | Found a shimmering altar of Xom.
  2052 | D:2      | Noticed Terence
  2075 | D:2      | Killed Terence
  2075 | D:2      | Reached XP level 5. HP: 29/47 MP: 5/5
  2265 | D:2      | Found a shimmering altar of Xom.
  2724 | D:3      | Found a glowing golden altar of the Shining One.
  3080 | D:4      | Noticed a phantom
  3092 | D:4      | Killed a phantom
  3092 | D:4      | Reached XP level 6. HP: 22/54 MP: 6/6
  3461 | D:4      | Found a snail-covered altar of Cheibriados.
  3493 | D:4      | Lost mutation: You are agile. (Dex +2) [potion of mutation]
  3493 | D:4      | Gained mutation: You are partially covered in slimy green scales (AC +2). [potion of mutation]
  3493 | D:4      | Gained mutation: Scrolls take you a little longer to read. [potion of mutation]
  3501 | D:4      | Noticed baghtru's ghost (novice HOFi)
  3512 | D:4      | Killed baghtru's ghost
  3512 | D:4      | Reached skill level 6 in Throwing
  3512 | D:4      | Reached XP level 7. HP: 9/63 MP: 7/7
  4086 | D:4      | Noticed Grinder
  4101 | D:4      | Killed Grinder
  4101 | D:4      | Reached skill level 5 in Maces & Flails
  4101 | D:4      | Reached XP level 8. HP: 47/71 MP: 8/8
  4185 | D:4      | Reached skill level 5 in Fighting
  4716 | D:4      | Reached skill level 5 in Dodging
  4851 | D:5      | Entered Level 5 of the Dungeon
  4923 | D:5      | Found an ancient bone altar of Kikubaaqudgha.
  4964 | D:5      | Noticed cba's ghost (novice OpAs)
  4986 | D:5      | Killed cba's ghost
  4986 | D:5      | Reached skill level 7 in Throwing
  4987 | D:5      | HP: 5/108 [poisoned by cba's ghost]
  4990 | D:5      | HP: 2/108 [poisoned by cba's ghost]
  4992 | D:5      | Succumbed to cba's ghost's poison

Skill      XL: |  1  2  3  4  5  6  7  8 |
---------------+-------------------------+-----
Dodging        | 2 3 4 5 |  5.9
Maces & Flails | 1 2 4 5 6 |  6.3
Throwing       | 5 6 7 |  7.0
Fighting       | 3 4 5 |  5.4
Stealth        | |  0.8

Action                   |  1- 3 |  4- 6 |  7- 9 || total
-------------------------+-------+-------+-------++-------
Melee: Short sword       |    62 |       |       ||    62
       Club              |    56 |    37 |       ||    93
       Morningstar       |       |    54 |       ||    54
       Giant spiked club |       |     7 |    90 ||    97
Throw: Large rock        |    23 |     9 |     5 ||    37
       Throwing net      |     4 |     1 |       ||     5
       Javelin           |    10 |    33 |    29 ||    72
       Stone             |       |    36 |       ||    36
  Use: Potion            |     4 |     1 |     2 ||     7
       Scroll            |       |       |     1 ||     1
 Stab: Held in net/web   |     1 |     1 |       ||     2
       Sleeping          |     1 |       |       ||     1
  Eat: Chunk             |     2 |     4 |     2 ||     8
       Meat ration       |       |     1 |       ||     1
       Royal jelly       |       |       |     1 ||     1
Armor: Robe              |    46 |    34 |    47 ||   127
       Skin              |    17 |       |     6 ||    23
Dodge: Dodged            |    90 |    81 |    82 ||   253
